 Dungeon Crawl Stone Soup version 0.30.0-18-gc0e69614cb (webtiles) character file.

Game seed: 10508212949369734642

168 Edyrem the Trooper (level 5, -2/47 HPs)
             Began as a Hill Orc Fighter on May 25, 2023.
             Killed from afar by Sigmund (10 damage)
             ... with a bolt of dispelling energy
             ... on level 3 of the Dungeon.
             The game lasted 00:04:08 (2236 turns).

Edyrem the Trooper (Hill Orc Fighter)               Turns: 2236, Time: 00:04:08

Health: -2/47      AC: 13    Str: 21    XL:     5   Next: 49%
Magic:  5/5        EV:  7    Int:  8    God:
Gold:   115        SH:  5    Dex: 16    Spells: 4/4 levels left

rFire   . . .        a - +0 war axe
rCold   . . .        c - +0 buckler
rNeg    . . .        q - +0 plate armour
rPois   .            m - +0 helmet
rElec   .            (no cloak)
rCorr   .            (no gloves)
SInv    .            (no boots)
Will    .....        (no amulet) Stlth
                     t - +6 ring of dexterity
HPRegen 0.27/turn    (no ring)
MPRegen 0.09/turn

%: no passive effects
@: no status effects
A: sturdy frame 1
a: no special abilities


You were on level 3 of the Dungeon.
You visited 1 branch of the dungeon, and saw 3 of its levels.

You collected 115 gold pieces.

Inventory:

Hand Weapons
 a - a +0 war axe (weapon)
 b - a +0 morningstar
Missiles
 j - 8 boomerangs (quivered)
 u - 3 poisoned darts
Armour
 c - a +0 buckler (worn)
 m - a +0 helmet (worn)
 q - a +0 plate armour (worn)
Jewellery
 t - a +6 ring of dexterity (left hand)
Wands
 n - a wand of paralysis (12)
Scrolls
 g - a scroll of noise {unknown}
 i - a scroll of enchant armour {unknown}
 k - 3 scrolls of identify {unknown}
 p - 2 scrolls of immolation {unknown}
 r - a scroll of teleportation {unknown}
 s - a scroll of enchant weapon {unknown}
Potions
 d - a potion of might
 e - a potion of curing {@q2}
 f - a potion of berserk rage {unknown}
 h - a potion of mutation
 l - a potion of ambrosia {unknown}
 o - a potion of flight {unknown}


   Skills:
 + Level 4.7 Fighting
 + Level 4.3 Axes
 + Level 4.3 Armour
 + Level 4.3 Shields


You had 4 spell levels left.
You didn't know any spells.
Your spell library contained the following spells:

 Spells                   Type           Power      Damage    Failure   Level
 Summon Forest            Summ/Tloc      0%         N/A       100%        5
 Summon Mana Viper        Hex/Summ       0%         N/A       100%        5
 Summon Cactus Giant      Summ           0%         N/A       100%        6


Dungeon Overview and Level Annotations

Branches:
Dungeon (3/15)

Altars:

Annotations:
D:3 Sigmund


Innate Abilities, Weirdness & Mutations

Your movements are slightly less encumbered by armour. (ER -2)


Message History

The puff of flame hits you!
* * * LOW HITPOINT WARNING * * *
It was a potion of curing.
You feel better. Something hits you.
* * * LOW HITPOINT WARNING * * *
It was a potion of mutation.
You feel extremely strange.
You occasionally lose the ability to drink potions when taking damage.
You no longer become unable to drink potions after taking damage.
You feel less encumbered by your armour.
You hear a zap.
A bolt of dispelling energy appears from out of thin air!
The bolt of dispelling energy hits you.
* * * LOW HITPOINT WARNING * * *
You feel very mighty all of a sudden.
You hear some strange, mumbled words.
You are confused.
You bump into the rock wall.
You hear some strange, mumbled words.
A magic dart appears from out of thin air!
The magic dart hits you.
* * * LOW HITPOINT WARNING * * *
You feel better.
You hear some strange, mumbled words.
A magic dart appears from out of thin air!
The magic dart hits you but does no damage.
You slash something!
You hear some strange, mumbled words.
A puff of flame appears from out of thin air!
The puff of flame hits you but does no damage.
You miss something.
You hear a zap.
A bolt of dispelling energy appears from out of thin air!
The bolt of dispelling energy hits you.
Your magical effects are unravelling.
* * * LOW HITPOINT WARNING * * *
You miss something.
You feel a little less mighty now.
You hear a zap.
A bolt of dispelling energy appears from out of thin air!
The bolt of dispelling energy hits you!
You die...

######### #########.
#.......# #.......#.
#.#####.# #.#####.#.
##.#####.####.#####..#
#...#....)..........##
#.#...##<####.#####..#
#...####.# #.......#.
##.......# ##########
#...@#### # ####{# .
#.# .. #.# ...
#........... ....
#.....##..... #....
#..##.# .... ...^. #..
..# @.[ #. #.# ..


There were no monsters in sight!

Vanquished Creatures
  A scorpion (D:3)
  A gnoll (D:2)
  3 adders
  A dart slug (D:3)
  5 orcs (D:2)
  5 endoplasms
  A giant cockroach (D:1)
  11 goblins
  7 hobgoblins
  6 kobolds
  2 quokkas
  3 ball pythons
  8 bats
  6 frilled lizards
  6 rats
66 creatures vanquished.

Notes
Turn   | Place    | Note
-------+----------+-------------------------------------------
     0 | D:1      | Edyrem the Hill Orc Fighter began the quest for the Orb.
     0 | D:1      | Reached XP level 1. HP: 19/19 MP: 1/1
    74 | D:1      | Reached XP level 2. HP: 23/27 MP: 2/2
   404 | D:1      | Reached XP level 3. HP: 33/33 MP: 3/3
  1030 | D:2      | Reached XP level 4. HP: 36/40 MP: 4/4
  1993 | D:3      | Found a faded altar of an unknown god.
  2059 | D:3      | Noticed a scorpion
  2072 | D:3      | Killed a scorpion
  2073 | D:3      | Reached XP level 5. HP: 30/47 MP: 5/5
  2207 | D:3      | Noticed Sigmund
  2230 | D:3      | Gained mutation: You occasionally lose the ability to drink
                  | potions when taking damage. [potion of mutation]
  2230 | D:3      | Lost mutation: You occasionally lose the ability to drink
                  | potions when taking damage. [potion of mutation]
  2230 | D:3      | Gained mutation: Your movements are slightly less
                  | encumbered by armour. (ER -2) [potion of mutation]
  2236 | D:3      | Killed from afar by Sigmund

Illustrated notes

Levels and vault maps discovered:
D:1:      doesnt_arrival_eight_statues, layout_basic
D:2:      minmay_general_purpose_star, layout_basic
D:3:      layout_loops_cross, dreamdust_ecumenical_altar_angels_and_demons,
          uniq_sigmund

Skill      XL: |  1  2  3  4 |
---------------+-------------+-----
Axes           | 3 4 |  4.3
Fighting       | 4 |  4.7
Shields        | 4 |  4.3
Armour         | 4 |  4.3

Action                     |  1- 3 |  4- 6 || total
---------------------------+-------+-------++-------
  Melee: War axe           |   108 |   107 ||   215
    Use: Potion            |       |     4 ||     4
 Armour: Scale mail        |     9 |       ||     9
         Chain mail        |    52 |    23 ||    75
         Plate armour      |       |    75 ||    75
  Dodge: Dodged            |    54 |    34 ||    88
  Block: Buckler           |    28 |    21 ||    49
